 Dungeon Crawl Stone Soup version 0.28-a0-794-gafe8c5f9e9 (webtiles) character file.

Game seed: 4306789066547249433

41 kae the Caller (level 3, 0/18 HPs)
             Began as a Vine Stalker Summoner on Nov 5, 2021.
             Succumbed to an adder's poison
             ... on level 2 of the Dungeon.
             The game lasted 00:02:30 (2197 turns).

kae the Caller (Vine Stalker Summoner)              Turns: 2197, Time: 00:02:30

Health: 0/18       AC:  2    Str: 10    XL:     3   Next: 52%
Magic:  1/7        EV: 12    Int: 16    God:
Gold:   82         SH:  0    Dex: 14    Spells: 6/7 levels left

rFire   . . .      SeeInvis .   (no weapon)
rCold   . . .      Faith    .   (no shield)
rNeg    . . .      Spirit   +   a - +0 robe
rPois   .          Reflect  .   (no helmet)
rElec   .          Harm     .   (no cloak)
rCorr   .          Rampage  .   (no gloves)
Will    .....                   (no boots)
Stlth   ++........              (no amulet)
HPRegen 0.06/turn               (no ring)
MPRegen 0.10/turn               (no ring)

@: lethally poisoned (0 -> -6)
A: fangs 2, magic shield, antimagic bite, no potion heal 2
a: no special abilities


You were on level 2 of the Dungeon.
You visited 1 branch of the dungeon, and saw 2 of its levels.

You collected 82 gold pieces.

Inventory:

Armour
 a - a +0 robe (worn)
Scrolls
 c - 3 scrolls of enchant weapon


   Skills:
 + Level 1.0 Fighting
 + Level 2.0 Dodging
 - Level 2.4 Stealth
 + Level 2.6 Spellcasting
 * Level 4.5 Summonings


You had 6 spell levels left.
You knew the following spells:

 Your Spells              Type           Power      Damage    Failure   Level
a - Summon Small Mammal   Summ           64%        N/A       3%          1

Your spell library contained the following spells:

 Spells                   Type           Power      Damage    Failure   Level
 Call Imp                 Summ           16%        N/A       4%          2
 Call Canine Familiar     Summ           16%        N/A       9%          3
 Summon Guardian Golem    Hex/Summ       9%         N/A       24%         3
 Summon Lightning Spire   Summ/Air       9%         N/A       61%         4


Dungeon Overview and Level Annotations

Branches:
Dungeon (2/15)

Altars:


Innate Abilities, Weirdness & Mutations

You have extremely sharp teeth.
When hurt, damage is shared between your health and your magic reserves.
Your bite disrupts and absorbs the magic of your enemies.
Potions cannot restore your health.


Message History

Casting: Summon Small Mammal (safe; 3% risk of failure)
Confirm with . or Enter, or press ? or * to list all spells.
The adder hisses angrily.
A rat comes into view.
Found a scroll of identify.
The adder bites your bat.
Your bat misses the adder. x2; The adder barely misses your bat.
Your bat closely misses the adder.
Your bat closely misses the adder.
The adder misses your bat. The adder bites you.
Your bat hits the adder. The adder bites you.
You hit the adder but do no damage.
The adder is lightly wounded.
Your bat misses the adder. x2; The adder closely misses you.
You hit the adder.
The adder is moderately wounded.
Your bat hits the adder. The adder bites you.
You hit the adder but do no damage. Your bite misses the adder.
The adder is moderately wounded.
Your bat barely misses the adder.
The adder bites you but does no damage. The adder barely misses you.
Casting: Summon Small Mammal (safe; 3% risk of failure)
Confirm with . or Enter, or press ? or * to list all spells.
Your bat misses the adder. The adder bites you.
You are poisoned.
The adder poisons you!
You feel sick.
Your bat misses the adder. The adder misses you.
Your bat hits the adder but does no damage.
You hit the adder but do no damage.
The adder is moderately wounded.
You feel sick.
Your bat closely misses the adder.
The adder bites you.
* * * LOW HITPOINT WARNING * * *
You are lethally poisoned!
The adder poisons you!
Your bat closely misses the adder.
The adder bites you.
* * * LOW HITPOINT WARNING * * *
Your system rejects the healing.
You feel better.
Your bat barely misses the adder.
Your quokka bites the adder.
The adder bites you.
* * * LOW HITPOINT WARNING * * *
You are lethally poisoned!
The adder poisons you!
You die...

#................. ...
#........##....... ..
#................. #..
#................. #..
#..........#####..
###...#.................
......#..........#####..
..?.....................
.r...##@.####.#...####..
......b.r...............
.....##S....#.#..#####..
.... ...##.# .........
... ....# ... .........
#. .....# ..#......... #
....#.# .#.........
..... .# .#.........
...... #. ...........


You could see an adder (ally target), a friendly quokka (summoned) and a
friendly bat (summoned).

Vanquished Creatures
  An endoplasm (D:1)
  A goblin (D:1)
  3 hobgoblins
  3 jackals (D:2)
  A quokka (D:2)
  2 kobolds
  3 rats (D:1)
14 creatures vanquished.

Vanquished Creatures (collateral kills)
  An adder (D:2)
  3 goblins
  A hobgoblin (D:1)
  6 jackals
  2 quokkas
13 creatures vanquished.

Grand Total: 27 creatures vanquished

Notes
Turn   | Place    | Note
-------+----------+-------------------------------------------
     0 | D:1      | kae the Vine Stalker Summoner began the quest for the Orb.
     0 | D:1      | Reached XP level 1. HP: 9/9 MP: 4/4
   247 | D:1      | Reached XP level 2. HP: 3/14 MP: 1/6
   936 | D:1      | Found a faded altar of an unknown god.
  1425 | D:2      | Reached XP level 3. HP: 5/17 MP: 1/7
  1826 | D:2      | Reached skill level 1 in Fighting
  2197 | D:2      | Succumbed to an adder's poison

Illustrated notes

Levels and vault maps discovered:
D:1:      lightli_arrival_lavapool, layout_loops_ring,
          chequers_ecumenical_altar_grove, serial_glass, glass_columns_c,
          glass_columns_b
D:2:      layout_basic

Skill      XL: |  1  2  3 |
---------------+----------+-----
Fighting       | 1 |  1.0
Dodging        | 2 |  2.0
Stealth        | |  2.4
Spellcasting   | |  2.6
Summonings     | |  4.5

Action                   || total
-------------------------++-------
Melee: Unarmed           ||    95
       Bite              ||    18
 Cast: Summon Small Mamm ||    29
  Use: Scroll            ||     3
       Potion            ||     1
 Stab: Sleeping          ||     1
Armor: Robe              ||    21
Dodge: Dodged            ||   101

Table legend: (Time is in decaauts)
 A = Elapsed time spent in this place.
 B = Non-inter-level travel time spent in this place.
 C = Inter-level travel time spent in this place.
 D = Time resting spent in this place.
 E = Time spent auto-exploring this place.
 F = Levels seen in this place.
 G = Mean time per level.
                   A        B        C        D        E       F      G
               +--------+--------+--------+--------+--------+-----+--------+
         Total |   2198 |   2151 |     47 |    129 |   1690 |   2 | 1099.0 |
       Dungeon |   2198 |   2151 |     47 |    129 |   1690 |   2 | 1099.0 |
               +--------+--------+--------+--------+--------+-----+--------+

Top non-repeatable levels by time:
     D:1: 1525 daAuts
     D:2: 673 daAuts
